[Event "13th All African Rapid-ch Women 2024"]
[Site "Accra"]
[Date "2024.03.10"]
[Round "1.1"]
[White "Shaba, Linda Dalitso"]
[Black "Wafa, Shahenda"]
[Result "0-1"]
[ECO "E60"]
[WhiteElo "1836"]
[BlackElo "2083"]
[Annotator "RC"]
[PlyCount "126"]
[EventDate "2024.03.07"]
[EventType "rapid"]
[EventCountry "GHA"]
[SourceTitle "playchess.com"]
[Source "ChessBase"]
[SourceQuality "1"]
[TimeControl "900+10"]

1. d4 Nf6 2. Nf3 g6 3. c4 Bg7 4. g3 O-O 5. Bg2 d6 6. O-O Bf5 7. Nc3 Ne4 8. Nh4 Nxc3 9. bxc3 Bc8 10. Qb3 c6 11. Rb1 Qc7 12. Ba3 Nd7 13. Rfe1 Re8 14. e4 c5 15. d5 Nb6 16. f4 Bd7 17. Bf1 Rab8 18. Nf3 Bg4 19. Kf2 Qd7 20. Bc1 Bh3 21. Be2 Bg4 22. Bf1 Qa4 23. Bd2 Qd7 24. Bc1 h5 25. h4 e5 26. Bd2 Bh6 27. fxe5 Bxd2 28. Nxd2 Rxe5 29. Nf3 Bxf3 30. Kxf3 Qg4+ 31. Kf2 Rxe4 32. Bg2 Rxe1 33. Rxe1 Qxc4 34. Qxc4 Nxc4 35. Re7 Kf8 36. Rc7 Ke8 37. Bh3 Ne5 38. Rc8+ Rxc8 39. Bxc8 b5 40. Ba6 b4 41. cxb4 cxb4 42. Ke3 Kd7 43. Kd4 Kc7 44. Bb5 Kb6 45. Be8 a5 46. Ba4 Kc7 47. Be8 Kd8 48. Bb5 Ke7 49. Be2 Kf6 50. Ke3 a4 51. Bd1 b3 52. a3 Nc4+ 53. Kd4 Nxa3 54. Kc3 Ke5 55. Bf3 Nb5+ 56. Kb2 Kd4 57. g4 hxg4 58. Bxg4 Kxd5 59. Bf3+ Kc4 60. Bc6 a3+ 61. Kb1 b2 62. Be8 Nc3+ 63. Kc2 b1=Q+ 0-1

[Event "13th All African Rapid-ch Women 2024"]
[Site "Accra"]
[Date "2024.03.10"]
[Round "1.2"]
[White "Marochkina, Nadezhda Valerevna"]
[Black "Nakabo, Peninah"]
[Result "0-1"]
[ECO "A70"]
[WhiteElo "1819"]
[BlackElo "1836"]
[Annotator "NA RC"]
[PlyCount "66"]
[EventDate "2024.03.07"]
[EventType "rapid"]
[EventCountry "GHA"]
[SourceTitle "playchess.com"]
[Source "ChessBase"]
[SourceQuality "1"]
[TimeControl "900+10"]

1. d4 e6 2. c4 c5 3. d5 exd5 4. cxd5 Nf6 5. Nc3 g6 6. e4 d6 7. Nf3 Bg4 8. h3 Bxf3 9. Qxf3 Bg7 10. Bd3 O-O 11. O-O a6 12. a4 Nbd7 13. Qg3 Ne5 14. Bc2 Rb8 15. f4 Nh5 16. Qe1 Nd7 17. f5 Ne5 18. Ne2 b5 19. Nf4 Nxf4 20. Rxf4 b4 21. fxg6 fxg6 22. Qe2 a5 23. Rb1 c4 24. Be3 b3 25. Bd1 Nd3 26. Rxf8+ Qxf8 27. Qd2 Rb4 28. Be2 Ne5 29. Ra1 Qe8 30. Bd4 Rxa4 31. Rxa4 Qxa4 32. Bc3 Qa1+ 33. Kh2 a4 0-1

[Event "13th All African Rapid-ch Women 2024"]
[Site "Accra"]
[Date "2024.03.10"]
[Round "1.3"]
[White "Banda Natalie Katlo"]
[Black "PEACE SAMSON"]
[Result "0-1"]
[ECO "B13"]
[WhiteElo "1772"]
[BlackElo "1870"]
[Annotator "NA RC"]
[PlyCount "118"]
[EventDate "2024.03.07"]
[EventType "rapid"]
[EventCountry "GHA"]
[SourceTitle "playchess.com"]
[Source "ChessBase"]
[SourceQuality "1"]
[TimeControl "900+10"]

1. d4 d5 2. Nf3 Nf6 3. e3 g6 4. Nbd2 c5 5. c3 cxd4 6. exd4 Bg7 7. Bd3 Nc6 8. O-O O-O 9. Re1 Bd7 {[%emt 0:00:19] B13: Caro-Kann: Exchange Variation and Panov-Botvinnik Attack.} 10. Qe2 Re8 11. Bb5 a6 12. Bxc6 Bxc6 13. Ne5 Bb5 14. Qd1 Nd7 15. Ndf3 Nf6 16. Ng5 Rf8 17. a4 Bd7 18. Qe2 e6 19. b3 Rc8 20. Ba3 Rxc3 21. Bxf8 Qxf8 22. Ngxf7 Rxb3 23. Nxd7 Qxf7 24. Nc5 Rb4 25. Qd2 Rc4 26. Rac1 Rxc1 27. Qxc1 Ng4 28. Qb2 Qf4 29. g3 Qxd4 30. Qxd4 Bxd4 31. Nd3 Kf7 32. h3 Nf6 33. Rb1 b6 34. Nb4 a5 35. Nc6 Bc5 36. Rb5 Ne4 37. Ne5+ Ke7 38. Nd3 Bd4 39. Rb3 Nxg3 40. Kg2 Ne4 41. f3 Nd2 42. Ra3 g5 43. Ne1 Nc4 44. Rb3 Kd6 45. Nc2 Bc5 46. Kg3 h5 47. h4 Nd2 48. Rd3 gxh4+ 49. Kxh4 Nc4 50. Rb3 e5 51. Kxh5 d4 52. Kg5 $19 Kd5 53. Kf5 Nd6+ 54. Kg4 Kc4 55. Rb1 Kc3 56. Ne1 Nc4 57. Kf5 d3 58. Rc1+ Kd4 59. Rd1 Ne3+ 0-1

[Event "13th All African Rapid-ch Women 2024"]
[Site "Accra"]
[Date "2024.03.10"]
[Round "1.4"]
[White "Nassr, Lina"]
[Black "Gertrude Banini"]
[Result "1-0"]
[ECO "D11"]
[WhiteElo "2080"]
[BlackElo "1681"]
[Annotator "RC"]
[PlyCount "85"]
[EventDate "2024.03.07"]
[EventType "rapid"]
[EventCountry "GHA"]
[SourceTitle "playchess.com"]
[Source "ChessBase"]
[SourceQuality "1"]
[TimeControl "900+10"]

1. d4 d5 2. Nf3 c6 3. e3 Bg4 4. c4 e6 5. Nc3 Nf6 6. h3 Bh5 7. cxd5 cxd5 8. Qa4+ Nbd7 9. Ne5 a6 10. Bd3 b5 11. Qb3 Nxe5 12. dxe5 Nd7 13. f4 Qh4+ 14. Kf1 Nc5 15. Qc2 Nxd3 16. Qxd3 Bg6 17. Qd1 Qd8 18. g4 Qb6 19. Qf3 h6 20. f5 exf5 21. Nxd5 Qd8 22. Nc7+ Qxc7 23. Qxa8+ Kd7 24. Qd5+ Kc8 25. Bd2 Qc4+ 26. Qxc4+ bxc4 27. Rc1 fxg4 28. Rxc4+ Kb7 29. Kf2 gxh3 30. Rhc1 Bf5 31. Rc7+ Kb8 32. Rxf7 h2 33. Rxf5 h1=Q 34. Rxh1 Bc5 35. Rf7 g5 36. b4 Bb6 37. Kg3 Bc7 38. Bc3 Re8 39. Rxh6 Kb7 40. Rhh7 Rc8 41. Kg4 Kb6 42. Rxc7 Rxc7 43. Rxc7 1-0

[Event "13th All African Rapid-ch Women 2024"]
[Site "Accra"]
[Date "2024.03.10"]
[Round "1.5"]
[White "Yavo Tchetche, Marie"]
[Black "Junior, Ednasia"]
[Result "1/2-1/2"]
[ECO "A52"]
[WhiteElo "1659"]
[BlackElo "1915"]
[Annotator "RC"]
[PlyCount "137"]
[EventDate "2024.03.07"]
[EventType "rapid"]
[EventCountry "GHA"]
[SourceTitle "playchess.com"]
[Source "ChessBase"]
[SourceQuality "1"]
[TimeControl "900+10"]

1. d4 Nf6 2. c4 e5 3. dxe5 Ng4 4. Nf3 Bc5 5. e3 Nc6 6. Qd5 Qe7 7. a3 a5 8. Be2 Ngxe5 9. O-O d6 10. Qd1 O-O 11. Nc3 Be6 12. b3 f5 13. Bb2 Rf6 14. Nd5 Bxd5 15. cxd5 Nxf3+ 16. Bxf3 Ne5 17. b4 Bb6 18. b5 Rh6 19. Bxe5 Qxe5 20. g3 g5 21. Re1 g4 22. Bg2 Qe8 23. h4 gxh3 24. Bh1 h2+ 25. Kg2 Qxb5 26. Qf3 Rf8 27. Qf4 Rg6 28. Kxh2 Qd7 29. Kg1 Rg4 30. Qh6 Rg6 31. Qf4 Qg7 32. Bg2 Rg4 33. Qf3 h5 34. Bh3 Rg5 35. Qf4 Bc5 36. Rab1 b6 37. a4 Qf6 38. Qh4 Re8 39. f4 Rg6 40. Qxf6 Rxf6 41. Kf2 Kg7 42. Bg2 Rf7 43. Bf3 Kg6 44. Re2 Rfe7 45. Rbe1 Bb4 46. Rh1 Rh8 47. e4 fxe4 48. Rxe4 Rxe4 49. Bxe4+ Kg7 50. Bf3 Kg6 51. g4 h4 52. Be4+ Kg7 53. Kf3 Bc5 54. g5 h3 55. Kg4 Re8 56. Kf3 Rh8 57. Bf5 h2 58. Be6 Kg6 59. Kg3 Be3 60. Kg4 Bg1 61. f5+ Kg7 62. f6+ Kg6 63. Bf5+ Kf7 64. Be6+ Kg6 65. Bf5+ Kf7 66. Be6+ Kg6 67. Bf5+ Kf7 68. Be6+ Kg6 69. Bf5+ 1/2-1/2

[Event "13th All African Rapid-ch Women 2024"]
[Site "Accra"]
[Date "2024.03.10"]
[Round "1.6"]
[White "Vilhete, Vania Fausto Da T."]
[Black "Benson, Maud"]
[Result "1-0"]
[ECO "E91"]
[WhiteElo "1829"]
[BlackElo "1664"]
[Annotator "NA RC"]
[PlyCount "95"]
[EventDate "2024.03.07"]
[EventType "rapid"]
[EventCountry "GHA"]
[SourceTitle "playchess.com"]
[Source "ChessBase"]
[SourceQuality "1"]
[TimeControl "900+10"]

1. d4 Nf6 2. c4 g6 3. Nc3 Bg7 4. e4 d6 5. Be2 O-O 6. Bg5 Nbd7 7. Nf3 Re8 8. O-O e5 9. d5 h6 10. Bh4 a5 11. Nd2 g5 12. Bg3 Nc5 13. Rc1 Bd7 14. Qc2 a4 15. b4 axb3 16. axb3 Ra3 17. Qb2 Qa8 18. Ra1 Rxa1 19. Rxa1 Qc8 20. b4 Ncxe4 21. Ndxe4 Nxe4 22. Nxe4 f5 23. Nc3 f4 24. Rc1 fxg3 25. hxg3 e4 26. Qd2 Bg4 27. Bxg4 Qxg4 28. Qe3 c6 29. dxc6 bxc6 30. b5 c5 31. Ne2 Qe6 32. Kf1 Bb2 33. Rb1 Qe5 34. Qb3 Bd4 35. Nxd4 cxd4 36. c5+ Kg7 37. c6 Qc5 38. Qb4 e3 39. Qxc5 e2+ 40. Ke1 dxc5 41. b6 d3 42. Kd2 c4 43. b7 Rb8 44. c7 Rxb7 45. Rxb7 c3+ 46. Kxd3 e1=Q 47. c8=Q+ Kg6 48. Rb6+ 1-0

[Event "13th All African Rapid-ch Women 2024"]
[Site "Accra"]
[Date "2024.03.10"]
[Round "1.7"]
[White "Ayiku, Angela Naa Amerley"]
[Black "Laubscher, Anzel"]
[Result "0-1"]
[ECO "B50"]
[WhiteElo "1629"]
[BlackElo "1820"]
[Annotator "NA RC"]
[PlyCount "74"]
[EventDate "2024.03.07"]
[EventType "rapid"]
[EventCountry "GHA"]
[SourceTitle "playchess.com"]
[Source "ChessBase"]
[SourceQuality "1"]
[TimeControl "900+10"]

1. e4 c5 2. Nf3 d6 3. Bc4 Nf6 4. Nc3 Nc6 5. O-O g6 6. d3 Bg7 7. a3 O-O 8. h3 a6 9. Be3 b5 10. Ba2 Rb8 11. Re1 Nd7 12. Bd2 e6 13. Bg5 Bf6 14. Bxf6 Qxf6 15. Qd2 Nde5 16. Nh2 b4 17. Ne2 h5 18. axb4 Nxb4 19. c3 Nbxd3 20. Rf1 Rxb2 21. Qe3 g5 22. Ng3 h4 23. Ne2 Bd7 24. Ng4 Nxg4 25. hxg4 Nf4 26. Nxf4 gxf4 27. Qd3 Rb6 28. Rab1 Rfb8 29. Rxb6 Rxb6 30. Re1 e5 31. Bc4 Bxg4 32. Qd5 f3 33. Qd3 fxg2 34. Kxg2 h3+ 35. Kg1 Bf3 36. Qf1 h2+ 37. Kxh2 Qh4+ 0-1

[Event "13th All African Rapid-ch Women 2024"]
[Site "Accra"]
[Date "2024.03.10"]
[Round "1.9"]
[White "Tsinjoviniavo, Aina Mahasambatra"]
[Black "Mbatha, Constance"]
[Result "0-1"]
[ECO "C41"]
[WhiteElo "1681"]
[BlackElo "1799"]
[Annotator "NA RC"]
[PlyCount "61"]
[EventDate "2024.03.07"]
[EventType "rapid"]
[EventCountry "GHA"]
[SourceTitle "playchess.com"]
[Source "ChessBase"]
[SourceQuality "1"]
[TimeControl "900+10"]

1. e4 e5 2. Nf3 d6 3. d4 exd4 4. Nxd4 h6 5. Nc3 Nf6 6. Be2 Bd7 7. O-O Be7 8. Bf4 Nc6 9. Nf5 Bxf5 10. exf5 O-O 11. Bc4 Ne5 12. Bb3 c6 13. Re1 Qc7 14. Qe2 Rae8 15. Rad1 a6 16. Kf1 b5 17. Bxe5 dxe5 18. Qxe5 Qb6 19. Ne4 Nxe4 20. Rxe4 Qb7 21. Qf4 Bf6 22. c3 c5 23. Rde1 Rxe4 24. Rxe4 c4 25. Bd1 Qd7 26. Ke1 Rd8 27. Bh5 Bg5 28. Qe5 Qd2+ 29. Kf1 Qd3+ 30. Be2 Qb1+ 31. Bd1 0-1

[Event "13th All African Rapid-ch Women 2024"]
[Site "Accra"]
[Date "2024.03.10"]
[Round "2.1"]
[White "Wafa, Shahenda"]
[Black "Laubscher, Anzel"]
[Result "1-0"]
[ECO "B76"]
[WhiteElo "2083"]
[BlackElo "1820"]
[Annotator "NA RC"]
[PlyCount "71"]
[EventDate "2024.03.07"]
[EventType "rapid"]
[EventCountry "GHA"]
[SourceTitle "playchess.com"]
[Source "ChessBase"]
[SourceQuality "1"]
[TimeControl "900+10"]

1. e4 c5 2. Nf3 d6 3. d4 cxd4 4. Nxd4 Nf6 5. Nc3 g6 6. f3 Bg7 7. Be3 O-O 8. Qd2 Nc6 9. g4 Bxg4 10. fxg4 Nxg4 11. Nxc6 bxc6 12. Bd4 e5 13. Bg1 f5 14. Qg2 Qc7 15. h3 Nh6 16. O-O-O Rab8 17. Bc4+ Kh8 18. Qd2 Qb7 19. Bb3 c5 20. Qd5 fxe4 21. Qxb7 Rxb7 22. Nxe4 Nf5 23. Be6 Nd4 24. Bxd4 exd4 25. Bd5 Rb6 26. Rhf1 Bh6+ 27. Kb1 Rfb8 28. b3 a5 29. a4 Rf8 30. Rxf8+ Bxf8 31. Rf1 Bg7 32. Rf7 Rb8 33. Kc1 h6 34. Kd2 Rd8 35. Ra7 Rf8 36. Rxa5 1-0

[Event "13th All African Rapid-ch Women 2024"]
[Site "Accra"]
[Date "2024.03.10"]
[Round "2.2"]
[White "PEACE SAMSON"]
[Black "Mongeli, Sasha"]
[Result "1-0"]
[ECO "B13"]
[WhiteElo "1870"]
[BlackElo "1858"]
[Annotator "NA"]
[PlyCount "111"]
[EventDate "2024.03.07"]
[EventType "rapid"]
[EventCountry "GHA"]
[SourceTitle "playchess.com"]
[Source "ChessBase"]
[SourceQuality "1"]
[TimeControl "900+10"]

1. e4 c6 2. d4 d5 3. exd5 cxd5 4. Bd3 Nc6 5. c3 Nf6 6. h3 g6 7. Nf3 Bg7 8. Be3 O-O 9. Qd2 a6 10. g4 Na5 11. Ne5 b5 12. Na3 Nc4 13. Naxc4 dxc4 14. Bc2 Bb7 15. Rg1 Ne4 16. Bxe4 Bxe4 17. g5 Bxe5 18. dxe5 Qxd2+ 19. Kxd2 Rfd8+ 20. Bd4 e6 21. a3 Kg7 22. Ke3 Bd3 23. Rad1 Bf5 24. h4 Rd5 25. Rd2 Rad8 26. Rgd1 Bd3 27. f4 h5 28. Bb6 Rb8 29. Bc7 Rb7 30. Bd6 a5 31. a4 b4 32. cxb4 axb4 33. b3 Ra7 34. Bxb4 Rb7 35. bxc4 Bxc4 36. Rxd5 Bxd5 37. Bd2 Rb3+ 38. Kd4 Rb2 39. Be1 Ra2 40. a5 Ra4+ 41. Kc5 Rxf4 42. Ra1 Re4 43. Kd6 Rc4 44. a6 Rc6+ 45. Kd7 Rc2 46. a7 Ba8 47. Kd6 Rc6+ 48. Kd7 Rc2 49. Kd8 f6 50. gxf6+ Kf7 51. Rd1 Bd5 52. Rxd5 exd5 53. a8=Q d4 54. Qd5+ Kf8 55. Bb4+ Rc5 56. Bxc5# 1-0

[Event "13th All African Rapid-ch Women 2024"]
[Site "Accra"]
[Date "2024.03.10"]
[Round "2.3"]
[White "Mbatha, Constance"]
[Black "Nassr, Lina"]
[Result "1/2-1/2"]
[ECO "B33"]
[WhiteElo "1799"]
[BlackElo "2080"]
[Annotator "ChessBase"]
[PlyCount "183"]
[EventDate "2024.03.07"]
[EventType "rapid"]
[EventCountry "GHA"]
[SourceTitle "playchess.com"]
[Source "ChessBase"]
[SourceQuality "1"]
[TimeControl "900+10"]

1. e4 c5 2. Nf3 e6 3. d4 cxd4 4. Nxd4 Nf6 5. Nc3 Nc6 6. Be2 Bb4 7. Nxc6 bxc6 8. Bd3 d5 9. exd5 cxd5 10. Bd2 O-O 11. O-O e5 12. Bg5 Bb7 13. Ne2 e4 14. Bb5 Qb6 15. Ba4 Bc5 16. c3 Ng4 17. Bh4 Ne5 18. b4 Bd6 19. Bg3 Rad8 20. Bb3 Bb8 21. Nd4 Qg6 22. f4 Nd3 23. Bc2 Nb2 24. Qe2 Nc4 25. Bb3 Nb6 26. Qe3 f5 27. a4 Nc4 28. Qe2 Rc8 29. Rac1 a6 30. a5 Ba7 31. Kh1 Qd6 32. Qh5 g6 33. Qg5 Nd2 34. Rfe1 Bxd4 35. cxd4 Nxb3 36. Rcd1 Rc3 37. Bf2 Rfc8 38. h4 Qd8 39. Qh6 Rc1 40. h5 R1c6 41. Re3 g5 42. Qxg5+ Qxg5 43. fxg5 Nxd4 44. Rxd4 f4 45. Re1 Rc4 46. Rxc4 Rxc4 47. Bc5 d4 48. Rf1 f3 49. gxf3 exf3 50. Kh2 Rc2+ 51. Kg3 d3 52. Be3 Rg2+ 53. Kf4 Rb2 54. Rd1 Rxb4+ 55. Kg3 Rb3 56. Rd2 Kf7 57. Kf4 Rb4+ 58. Kg3 Be4 59. h6 Ke6 60. Kf4 Bd5+ 61. Kg3 Rb3 62. Kf4 Ra3 63. Kg4 Be4 64. Kf4 Kd5 65. Kg3 Rxa5 66. Kf2 Ra1 67. Rb2 Ke5 68. g6 Bxg6 69. Kxf3 Kd5 70. Kf2 Kc4 71. Bd2 Rh1 72. Rb4+ Kc5 73. Rb2 Rh2+ 74. Ke3 Re2+ 75. Kf3 a5 76. Be3+ Kc4 77. Rxe2 dxe2 78. Kxe2 Kb3 79. Kd1 Kb2 80. Bd4+ Kb1 81. Bc5 a4 82. Ba3 Ka2 83. Bd6 Kb2 84. Be5+ Kb3 85. Kc1 a3 86. Ba1 Bc2 87. Bf6 a2 88. Ba1 Bg6 89. Bg7 Kc4 90. Kb2 Bb1 91. Bf6 Kd5 92. Bg5 1/2-1/2

[Event "13th All African Rapid-ch Women 2024"]
[Site "Accra"]
[Date "2024.03.10"]
[Round "2.4"]
[White "Nakabo, Peninah"]
[Black "Vilhete, Vania Fausto Da T."]
[Result "1-0"]
[ECO "B22"]
[WhiteElo "1836"]
[BlackElo "1829"]
[Annotator "NA RC"]
[PlyCount "97"]
[EventDate "2024.03.07"]
[EventType "rapid"]
[EventCountry "GHA"]
[SourceTitle "playchess.com"]
[Source "ChessBase"]
[SourceQuality "1"]
[TimeControl "900+10"]

1. e4 c5 2. c3 d5 3. exd5 Qxd5 4. d4 cxd4 5. cxd4 e6 6. Nc3 Qd8 7. Nf3 Nf6 8. Be2 Be7 9. O-O O-O 10. h3 a6 11. Be3 b5 12. a3 Bb7 13. Rc1 Nc6 14. Bd3 Rc8 15. Qe2 Qd7 16. Rfd1 Rfd8 17. Bb1 Nd5 18. Ne5 Qe8 19. Nxd5 exd5 20. Nxc6 Rxc6 21. Rxc6 Bxc6 22. Rc1 Bd6 23. Qh5 g6 24. Qf3 Rc8 25. Bh6 Bd7 26. Rd1 Qe6 27. Kf1 Re8 28. Ba2 Bc6 29. Bd2 Qe4 30. Qxe4 Rxe4 31. Be3 Re8 32. Rc1 Bb7 33. Bb1 Rc8 34. Rxc8+ Bxc8 35. Ke2 Kf8 36. Bg5 f5 37. Ba2 Bb7 38. Bf6 Bf4 39. Kd3 Kf7 40. Be5 Bxe5 41. dxe5 f4 42. Kd4 Ke6 43. g3 fxg3 44. fxg3 g5 45. g4 h6 46. Bb1 Ke7 47. Bf5 a5 48. b4 axb4 49. axb4 1-0

[Event "13th All African Rapid-ch Women 2024"]
[Site "Accra"]
[Date "2024.03.10"]
[Round "2.5"]
[White "Junior, Ednasia"]
[Black "Marochkina, Nadezhda Valerevna"]
[Result "1-0"]
[ECO "B11"]
[WhiteElo "1915"]
[BlackElo "1819"]
[Annotator "NA RC"]
[PlyCount "113"]
[EventDate "2024.03.07"]
[EventType "rapid"]
[EventCountry "GHA"]
[SourceTitle "playchess.com"]
[Source "ChessBase"]
[SourceQuality "1"]
[TimeControl "900+10"]

1. e4 c6 2. Nf3 d5 3. Nc3 d4 4. Ne2 c5 5. d3 Nc6 6. g3 Nf6 7. Bg2 e5 8. O-O Be7 9. h3 O-O 10. Nh4 Qc7 11. Nf5 Bd8 12. f4 exf4 13. Bxf4 Qb6 14. Bc1 Ne7 15. g4 Re8 16. Qe1 Bc7 17. Nxe7+ Rxe7 18. Qh4 Bd6 19. Bg5 Be5 20. b3 Bd7 21. Nf4 Ree8 22. Bxf6 Bxf6 23. g5 Bd8 24. Rf3 h6 25. Nd5 Qg6 26. Raf1 hxg5 27. Qg3 Rf8 28. Nc7 Rc8 29. Nd5 Be6 30. R3f2 b6 31. Qd6 Re8 32. a4 f6 33. Qg3 Bxd5 34. exd5 Bc7 35. Qg4 Bf4 36. Be4 Qh6 37. Kg2 Kf7 38. Bf5 Rc7 39. Be6+ Ke7 40. Re2 Be5 41. Rf5 Rh8 42. Rf1 Kd6 43. Qf5 Re7 44. Rfe1 Qh4 45. Rxe5 Kc7 46. R5e4 Qh5 47. Qf2 Ree8 48. Qg3+ Kb7 49. d6 Rd8 50. Bd5+ Ka6 51. Bc4+ Kb7 52. Re7+ Kc6 53. Bb5+ Kd5 54. d7 g4 55. hxg4 Qh6 56. Qf3+ Kd6 57. Qc6# 1-0

[Event "13th All African Rapid-ch Women 2024"]
[Site "Accra"]
[Date "2024.03.10"]
[Round "2.6"]
[White "Shaba, Linda Dalitso"]
[Black "Yavo Tchetche, Marie"]
[Result "1/2-1/2"]
[ECO "E60"]
[WhiteElo "1836"]
[BlackElo "1659"]
[Annotator "NA"]
[PlyCount "134"]
[EventDate "2024.03.07"]
[EventType "rapid"]
[EventCountry "GHA"]
[SourceTitle "playchess.com"]
[Source "ChessBase"]
[SourceQuality "1"]
[TimeControl "900+10"]

1. d4 Nf6 2. Nf3 g6 3. c4 Bg7 4. g3 O-O 5. Bg2 d6 6. O-O Nbd7 7. Nc3 c6 8. Qc2 Qc7 9. b3 e5 10. Bb2 Re8 11. dxe5 Nxe5 12. Nxe5 dxe5 13. e4 Be6 14. Rad1 Rad8 15. Na4 b6 16. Rfe1 h6 17. Rxd8 Rxd8 18. Rd1 Nh7 19. Nc3 Rd7 20. Rxd7 Qxd7 21. Ne2 Bh3 22. f3 Ng5 23. g4 h5 24. Bxh3 Nxh3+ 25. Kg2 hxg4 26. fxg4 Qxg4+ 27. Ng3 Nf4+ 28. Kf2 Qh3 29. Kf3 Ne6 30. Qd2 Bh6 31. Qg2 Qxg2+ 32. Kxg2 Nf4+ 33. Kf3 f6 34. Bc3 Nd3 35. Ne2 Kf7 36. h3 Ke6 37. h4 Nc1 38. Nxc1 Bxc1 39. Bb4 a6 40. Be1 Bh6 41. Bf2 b5 42. Bc5 f5 43. Bb6 g5 44. hxg5 Bxg5 45. Bc5 Bc1 46. Bf8 Bb2 47. Bc5 Bd4 48. Bf8 bxc4 49. bxc4 c5 50. Bh6 f4 51. a4 Kf7 52. Bg5 Kg6 53. Bh4 Kh5 54. Be7 Kg6 55. Bh4 Kf7 56. Bg5 Ke6 57. Bh4 Kd6 58. Be1 Ke6 59. Bd2 Kf6 60. Ba5 Kg6 61. Bd8 Bc3 62. Bb6 Bb4 63. Bc7 Kf6 64. Bd8+ Ke6 65. Kg4 Bd2 66. Bb6 Be3 67. Ba5 Bd4 1/2-1/2

[Event "13th All African Rapid-ch Women 2024"]
[Site "Accra"]
[Date "2024.03.10"]
[Round "2.8"]
[White "Gertrude Banini"]
[Black "Ayiku, Angela Naa Amerley"]
[Result "1/2-1/2"]
[ECO "A46"]
[WhiteElo "1681"]
[BlackElo "1629"]
[Annotator "NA RC"]
[PlyCount "101"]
[EventDate "2024.03.07"]
[EventType "rapid"]
[EventCountry "GHA"]
[SourceTitle "playchess.com"]
[Source "ChessBase"]
[SourceQuality "1"]
[TimeControl "900+10"]

1. d4 c5 2. c3 Qc7 3. Nf3 Nf6 4. Bg5 g6 5. e3 Bg7 6. Bd3 Qa5 7. O-O O-O 8. a3 d6 9. b4 cxb4 10. cxb4 Qc7 11. Qc1 Qxc1 12. Rxc1 Bg4 13. Be2 Nc6 14. Nbd2 Bxf3 15. Bxf3 Nd8 16. Bxf6 Bxf6 17. Rc2 Ne6 18. Rac1 Rab8 19. Bg4 Bg7 20. Bxe6 fxe6 21. h3 e5 22. dxe5 Bxe5 23. Nc4 Bg7 24. Na5 b6 25. Nb3 Rb7 26. Rc7 Rxc7 27. Rxc7 a6 28. a4 Bf6 29. b5 axb5 30. axb5 Kf7 31. Nd4 Bxd4 32. exd4 Rb8 33. Kf1 Ke6 34. Ke2 h6 35. Ke3 Kf6 36. Kf4 Ke6 37. Ke4 Kf6 38. f4 e6 39. Rc6 d5+ 40. Kf3 h5 41. g3 Rb7 42. h4 Rb8 43. g4 Rb7 44. Kg3 hxg4 45. Kxg4 Rb8 46. Kg3 Kf5 47. Kf3 Rb7 48. Kg3 Rb8 49. Kf3 Rb7 50. Kg3 Rb8 51. Kf3 1/2-1/2

[Event "13th All African Rapid-ch Women 2024"]
[Site "Accra"]
[Date "2024.03.10"]
[Round "2.9"]
[White "Benson, Maud"]
[Black "Tsinjoviniavo, Aina Mahasambatra"]
[Result "0-1"]
[ECO "D02"]
[WhiteElo "1664"]
[BlackElo "1681"]
[Annotator "NA RC"]
[PlyCount "74"]
[EventDate "2024.03.07"]
[EventType "rapid"]
[EventCountry "GHA"]
[SourceTitle "playchess.com"]
[Source "ChessBase"]
[SourceQuality "1"]
[TimeControl "900+10"]

1. d4 d5 2. Nf3 Nf6 3. g3 Bf5 4. Bg2 Nbd7 5. O-O e6 6. c4 c5 7. Nc3 Nb6 8. cxd5 exd5 9. dxc5 Bxc5 10. Nd4 Bg6 11. Nb3 Bb4 12. Qd4 Bxc3 13. Qxc3 O-O 14. Bg5 Rc8 15. Bxf6 Qxf6 16. Qxf6 gxf6 17. Nd4 Rc4 18. e3 Rfc8 19. Rfd1 Be4 20. f3 Bc2 21. Rdc1 Kg7 22. Kf2 Bg6 23. Rxc4 Rxc4 24. Ke1 Rc7 25. Bf1 Re7 26. Kd2 Nc4+ 27. Bxc4 dxc4 28. Rc1 Rc7 29. b3 Bd3 30. Nb5 Rd7 31. Nd4 Rc7 32. Rc3 Bf1 33. Kc1 Rc5 34. Kb2 b5 35. bxc4 Bxc4 36. a3 a5 37. Nb3 Rh5 0-1

[Event "13th All African Rapid-ch Women 2024"]
[Site "Accra"]
[Date "2024.03.10"]
[Round "3.1"]
[White "PEACE SAMSON"]
[Black "Wafa, Shahenda"]
[Result "1/2-1/2"]
[ECO "B33"]
[WhiteElo "1870"]
[BlackElo "2083"]
[Annotator "RC"]
[PlyCount "60"]
[EventDate "2024.03.07"]
[EventType "rapid"]
[EventCountry "GHA"]
[SourceTitle "playchess.com"]
[Source "ChessBase"]
[SourceQuality "1"]
[TimeControl "900+10"]

1. e4 c5 2. Nf3 Nc6 3. d4 cxd4 4. Nxd4 Nf6 5. Nc3 e5 6. Nf3 Bb4 7. Bd3 d5 8. exd5 Nxd5 9. Bd2 Nxc3 10. bxc3 Be7 11. Bb5 Qd5 12. Qe2 Bg4 13. c4 Qe6 14. Bxc6+ Qxc6 15. Nxe5 Qxg2 16. Qxg4 Qxh1+ 17. Ke2 Qxa1 18. Qd7+ Kf8 19. Qd5 Qxe5+ 20. Qxe5 Re8 21. Kf1 h5 22. Qc7 b6 23. Qxa7 Bc5 24. Qc7 Kg8 25. a4 Kh7 26. Qxf7 Rhf8 27. Qxh5+ Kg8 28. Qd5+ Kh7 29. Qh5+ Kg8 30. Qd5+ Kh7 1/2-1/2

[Event "13th All African Rapid-ch Women 2024"]
[Site "Accra"]
[Date "2024.03.10"]
[Round "3.2"]
[White "Nassr, Lina"]
[Black "Nakabo, Peninah"]
[Result "1/2-1/2"]
[ECO "A46"]
[WhiteElo "2080"]
[BlackElo "1836"]
[Annotator "RC"]
[PlyCount "116"]
[EventDate "2024.03.07"]
[EventType "rapid"]
[EventCountry "GHA"]
[SourceTitle "playchess.com"]
[Source "ChessBase"]
[SourceQuality "1"]
[TimeControl "900+10"]

1. d4 e6 2. Nf3 c5 3. e3 cxd4 4. exd4 Nf6 5. Bd3 d5 6. O-O Bd6 7. c3 O-O 8. Re1 Nbd7 9. Ne5 a6 10. Nd2 b5 11. a3 Qb6 12. Ndf3 a5 13. Qe2 Rb8 14. Ng5 h6 15. Nh3 b4 16. axb4 axb4 17. Nf4 bxc3 18. bxc3 Qc7 19. c4 dxc4 20. Bxc4 Nb6 21. Ba2 Na4 22. Qd3 Qc3 23. Qxc3 Nxc3 24. Bc4 Ncd5 25. Nfd3 Nb6 26. Ba2 Nfd5 27. Bd2 Ra8 28. Nc5 Bxc5 29. dxc5 Nd7 30. Nf3 Nxc5 31. Bxd5 Rxa1 32. Rxa1 exd5 33. Bb4 Na6 34. Bxf8 Kxf8 35. Nd4 Ke7 36. Ra5 Kd6 37. Kf1 Nc5 38. Nb5+ Kc6 39. Nd4+ Kd6 40. Ra7 Be6 41. Ke2 Ke5 42. Rc7 Kxd4 43. f4 g6 44. h3 h5 45. Kf3 Kc4 46. g4 hxg4+ 47. hxg4 d4 48. f5 gxf5 49. gxf5 Bd5+ 50. Ke2 Be4 51. Rxf7 d3+ 52. Kd1 Bf3+ 53. Kd2 Nb3+ 54. Ke3 d2 55. Rc7+ Kd5 56. Rd7+ Ke5 57. Rxd2 Nxd2 58. Kxd2 Kxf5 1/2-1/2

[Event "13th All African Rapid-ch Women 2024"]
[Site "Accra"]
[Date "2024.03.10"]
[Round "3.4"]
[White "Vilhete, Vania Fausto Da T."]
[Black "Mongeli, Sasha"]
[Result "0-1"]
[ECO "D40"]
[WhiteElo "1829"]
[BlackElo "1858"]
[Annotator "NA RC"]
[PlyCount "137"]
[EventDate "2024.03.07"]
[EventType "rapid"]
[EventCountry "GHA"]
[SourceTitle "playchess.com"]
[Source "ChessBase"]
[SourceQuality "1"]
[TimeControl "900+10"]

1. d4 Nf6 2. c4 c5 3. e3 e6 4. Nf3 d5 5. Nc3 Nc6 6. Bd3 cxd4 7. exd4 dxc4 8. Bxc4 Be7 9. O-O O-O 10. Re1 a6 11. a3 b5 12. Ba2 Bb7 13. Bg5 Nd5 {[%emt 0:01:09] D40: Queen's Gambit Declined: Semi-Tarrasch with 5 e3.} 14. Bxe7 Ncxe7 15. Ne4 Nf4 16. Nc5 Bd5 17. Bxd5 Nexd5 18. g3 Ng6 19. Qe2 Qe7 20. Rad1 Rfd8 21. Qe4 a5 22. Ne5 Nxe5 23. Qxe5 Qf6 24. Qh5 Qg6 25. Qf3 b4 26. Nd3 Qf6 27. Qxf6 Nxf6 28. axb4 Rxd4 29. bxa5 Rxa5 30. Nf4 Rxd1 31. Rxd1 g5 32. Ne2 Rb5 33. Rd2 Ne4 34. Rc2 Rb4 35. Nc1 Kg7 36. f3 Nf6 37. Kf2 Nd5 38. Nd3 Rb5 39. f4 gxf4 40. Nxf4 Nxf4 41. gxf4 Rb3 42. Ke1 Kf6 43. Rf2 Kf5 44. Kd1 h5 45. Kc2 Rb4 46. Kc3 Rxf4 47. Rxf4+ Kxf4 48. Kc4 e5 49. b4 e4 50. b5 e3 51. b6 e2 52. b7 e1=Q 53. b8=Q+ Qe5 54. Qg8 Qe6+ 55. Kc5 Qf5+ 56. Kc4 Qe4+ 57. Kc5 Qc2+ 58. Kd5 Qd3+ 59. Kc5 Qc3+ 60. Kd5 Qb3+ 61. Kc5 Qc2+ 62. Kd5 $19 Qe4+ 63. Kc5 Qg6 64. Qb8+ Kg5 65. Qg3+ Kh6 66. Qf2 Qg5+ 67. Kd4 f5 68. Kd3 f4 69. Ke4 0-1